 Dungeon Crawl Stone Soup version 0.28.0-43-g3370ac3207 (webtiles) character file.

Game seed: 13933170150901000057

70 terff the Conjurer (level 4, -1/24 HPs)
             Began as a Deep Elf Conjurer on Mar 20, 2022.
             Shot with a stone by a goblin (4 damage)
             ... led by Robin
             ... on level 2 of the Dungeon.
             The game lasted 00:08:05 (2013 turns).

terff the Conjurer (Deep Elf Conjurer)              Turns: 2013, Time: 00:08:05

Health: -1/24      AC:  3    Str:  4    XL:     4   Next: 3%
Magic:  0/11       EV: 12    Int: 25    God:
Gold:   34         SH:  0    Dex: 13    Spells: 6/9 levels left

rFire   . . .      SeeInvis .   d - +1 short sword
rCold   . . .      Faith    .   (no shield)
rNeg    . . .      Spirit   .   a - +0 robe
rPois   .          Reflect  .   (no helmet)
rElec   .          Harm     .   (no cloak)
rCorr   +          Rampage  .   h - +0 pair of gloves
Will    .....                   (no boots)
Stlth   ++........              (no amulet)
HPRegen 0.08/turn               e - ring of resist corrosion
MPRegen 0.12/turn               (no ring)

@: hasted, very quick
A: no striking features
a: no special abilities


You were on level 2 of the Dungeon.
You visited 1 branch of the dungeon, and saw 2 of its levels.

You collected 34 gold pieces.

Inventory:

Hand Weapons
 d - a +1 short sword (weapon)
Armour
 a - a +0 robe (worn)
 h - a +0 pair of gloves (worn)
Jewellery
 e - a ring of resist corrosion (left hand)
Scrolls
 g - a scroll of immolation {unknown}
Potions
 c - a potion of heal wounds {unknown}
 f - a potion of invisibility {unknown}


   Skills:
 + Level 2.5 Dodging
 + Level 2.5 Stealth
 + Level 3.4 Spellcasting
 + Level 5.9 Conjurations


You had 6 spell levels left.
You knew the following spells:

 Your Spells              Type           Power      Damage    Failure   Level
a - Magic Dart            Conj           100%       1d8       1%          1
b - Searing Ray           Conj           68%        2d6       1%          2

Your spell library contained the following spells:

 Spells                   Type           Power      Damage    Failure   Level
 Dazzling Flash           Conj/Hex       38%        N/A       9%          3
 Fulminant Prism          Conj/Hex       9%         3d7       28%         4
 Iskenderun's Mystic Bla  Conj/Tloc      19%        2d6       28%         4


Dungeon Overview and Level Annotations

Branches:
Dungeon (2/15)

Altars:

Annotations:
D:2 Robin


Message History

Robin throws the goblin at you!
The goblin shoots a stone.
The stone barely misses you. The goblin hits you with a +0 dagger.
The goblin shoots a stone.
The stone hits you.
* * * LOW HITPOINT WARNING * * *
The goblin no longer looks unusually strong.
You feel yourself speed up.
The goblin no longer looks unusually strong.
Robin says, "A pitiful Elf like you will never find the ORB!"
The goblin shoots a stone.
The stone misses you. Robin throws the goblin at you!
You miss the goblin. The goblin hits you but does no damage.
You hit the goblin.
The goblin is heavily wounded.
The goblin no longer looks unusually strong.
The goblin closely misses you. The goblin barely misses you.
Casting: Searing Ray (safe; 1% risk of failure)
Confirm with . or Enter, or press ? or * to list all spells.
Aiming: Searing Ray (safe; 1% risk of failure)
Press: ? - help, Shift-Dir - straight line, f - goblin, p - goblin
Aim: a goblin, wielding a +0 club (heavily wounded, strong, 76% to hit)
The searing ray misses the goblin. (Press . to maintain the ray.)
The goblin closely misses you.
Casting: Searing Ray (safe; 1% risk of failure)
Confirm with . or Enter, or press ? or * to list all spells.
You don't have enough magic to cast this spell.
The searing ray hits the goblin.
You kill the goblin!
Robin roars a battlecry!
The goblins go into a battle-frenzy!
The goblin no longer looks unusually strong.
The goblin shoots a stone.
The stone barely misses you.
Things that are here:
a +0 club; a goblin corpse Robin throws the goblin at you!
The goblin unwields a +2 dagger of protection.
The goblin wields a +0 hunting sling.
The goblin shoots a stone.
The stone hits you.
You die...

......##'###.......#.#....
......'....+.......#.#....
......#.####.......#.#.#..
..#.......##.......#.#+#..
..##....#.##.......#...... ..
#....#..........#...... ..
#...............#......
+##.##....##...#####.#......
........g.@.........#.#.... ##
#####.#####g##########.#.#.###
.. .........g........ #.... .#
#.#..#...#.###### #.#.# .#
#.....g.......# #.# .#
#..........##.# # #
.#####....#.#.#.# # #
........g.#.#.#.# #
#####.....#.#.#.# #


You could see 4 goblins.

Vanquished Creatures
  3 adders (D:2)
  2 worms (D:2)
  2 dart slugs (D:2)
  A ball python (D:1)
  4 endoplasms
  A giant cockroach (D:2)
  7 goblins (D:2)
  3 hobgoblins
  2 kobolds (D:1)
  A quokka (D:2)
  A bat (D:2)
  3 frilled lizards
  3 rats (D:2)
33 creatures vanquished.

Notes
Turn   | Place    | Note
-------+----------+-------------------------------------------
     0 | D:1      | terff the Deep Elf Conjurer began the quest for the Orb.
     0 | D:1      | Reached XP level 1. HP: 10/10 MP: 6/6
   337 | D:1      | Found a faded altar of an unknown god.
   495 | D:1      | Reached XP level 2. HP: 15/15 MP: 6/8
   780 | D:2      | Reached skill level 5 in Conjurations
   845 | D:2      | Reached XP level 3. HP: 19/19 MP: 5/9
  1342 | D:2      | Learned a level 2 spell: Searing Ray
  1985 | D:2      | Reached XP level 4. HP: 23/24 MP: 0/11
  1988 | D:2      | Noticed Robin
  2013 | D:2      | Shot with a stone by a goblin

Illustrated notes

Levels and vault maps discovered:
D:1:      matt_arrival_refuge, layout_loops_ring, ebering_ecumenical_altar_mist,
          minmay_misc_feat_four_crosses, minmay_heptomino_l4
D:2:      layout_basic, uniq_robin

Skill      XL: |  1  2 |
---------------+-------+-----
Conjurations   | 5 |  5.9
Dodging        | |  2.5
Stealth        | |  2.5
Spellcasting   | |  3.4

Action                   |  1- 3 |  4- 6 || total
-------------------------+-------+-------++-------
Melee: Unarmed           |     3 |       ||     3
       Short sword       |     7 |     2 ||     9
 Cast: Magic Dart        |    62 |       ||    62
       Searing Ray       |     2 |     1 ||     3
  Use: Scroll            |     5 |       ||     5
       Potion            |     1 |     1 ||     2
Armor: Robe              |     3 |     2 ||     5
Dodge: Dodged            |    15 |    12 ||    27
